 Dungeon Crawl Stone Soup version 0.22-a0-455-ga0624bf62c (webtiles) character file.

207 Kriby the Poker (level 5, 0/38 HPs)
             Began as a Merfolk Skald on June 5, 2018.
             Slain by a hound (1 damage)
             ... on level 3 of the Dungeon.
             The game lasted 00:04:57 (4369 turns).

Kriby the Poker (Merfolk Skald)                     Turns: 4369, Time: 00:04:58

Health: 0/38       AC: 11    Str: 10 (13) XL:     5   Next: 85%
Magic:  8/8        EV:  1    Int: 10 (12) God:
Gold:   140        SH:  6    Dex: 12 (13) Spells: 7/8 levels left

rFire    . . .     SeeInvis .   a - +1 spear
rCold    . . .     Gourm    .   j - +0 shield
rNeg     . . .     Faith    .   f - +0 shadow dragon scales
rPois    .         Spirit   .   (no helmet)
rElec    .         Reflect  .   (no cloak)
rCorr    .         Harm     .   g - +0 pair of gloves
MR       .....                  (no boots)
Stlth    ++........             (no amulet)
HPRegen  0.12/turn              (no ring)
MPRegen  0.11/turn              (no ring)

@: very heavily drained
A: change form in water, swift swim, stealthy swim
a: no special abilities


You were on level 3 of the Dungeon.
You were hungry.

You visited 1 branch of the dungeon, and saw 4 of its levels.

You collected 140 gold pieces.

Inventory:

Hand Weapons
 a - a +1 spear (weapon)
Armour
 b - a +0 leather armour
 f - +0 shadow dragon scales (worn)
 g - a +0 pair of gloves (worn)
 j - a +0 shield (worn)
Scrolls
 e - 4 scrolls of identify {@r1}
 i - a scroll of enchant weapon
 k - a scroll of magic mapping
Comestibles
 d - 4 rations {@e1}


   Skills:
 - Level 2.1(0.0) Fighting
 * Level 7.1(3.9) Polearms
 - Level 0.6(0.0) Armour
 + Level 4.9(1.9) Dodging
 - Level 2.0(0.0) Spellcasting
 - Level 3.2(0.4) Charms


You had 7 spell levels left.
You knew the following spells:

 Your Spells              Type           Power        Failure   Level  Hunger
a - Infusion              Chrm           #...         100%        1    ##.....

Your spell library contained the following spells:

 Spells                   Type           Power        Failure   Level  Hunger
 Regeneration             Chrm/Necr      #.........   100%        3    ####...
 Shroud of Golubria       Chrm/Tloc      #.........   100%        2    ###....
 Song of Slaying          Chrm           #.......     100%        2    ###....
 Spectral Weapon          Hex/Chrm       #.......     100%        3    ####...


Dungeon Overview and Level Annotations

Branches:
Dungeon (4/15)
 Temple: D:4-7

Altars:

Portals:
Sewer: D:4

Annotations:
D:4 4 runed doors


Message History

The hound is moderately wounded.
The hound bites you but does no damage.
You miss the hound.
The hound is moderately wounded.
The hound bites you but does no damage. x2
Your shadow dragon scales prevents you from hitting the hound.
The hound is moderately wounded.
The hound bites you.
* * * LOW HITPOINT WARNING * * *
Okay, then.
The hound bites you but does no damage. The hound bites you but does no damage.
You completely miss the hound.
The hound is moderately wounded.
The hound stops to sniff the ground.
The hound bites you but does no damage.
You hit the hound.
The hound is moderately wounded.
The hound bites you.
You die...

#### ##...#......# #..##.#
#.#.#.....)####..##.#
#...#....)....#...#.#
##........#.#.#####.#
#.###)#..#.#.#####.#
#.###.#..#.#.......##
#####..##.#..#.#####....#
#......##.#..#.# #.##.#
#......##@#..#.#####.##.##
#.......#h#..#.).....##...
#.......#.#..#############
#.......#<................
#.........################
########......# #..###.#
#.># #.#### ##.# #.รท..#


You could see a hound.

Vanquished Creatures
  A jelly (D:4)
  An orc wizard (D:2)
  5 adders
  2 oozes (D:3)
  An adder skeleton (D:2)
  2 worms
  2 dart slugs (D:3)
  2 leopard geckos (D:3)
  3 orcs
  2 giant cockroaches
  6 goblins
  4 hobgoblins
  5 jackals
  5 kobolds
  3 ball pythons
  5 bats
  3 frilled lizards
  5 rats
57 creatures vanquished.

Vanquished Creatures (others)
  An orc wizard (D:2)
  An orc (D:2)
2 creatures vanquished.

Grand Total: 59 creatures vanquished

Notes
Turn   | Place    | Note
-------+----------+-------------------------------------------
     0 | D:1      | Kriby the Merfolk Skald began the quest for the Orb.
     0 | D:1      | Reached XP level 1. HP: 16/16 MP: 3/3
   491 | D:1      | Reached XP level 2. HP: 13/22 MP: 5/5
  1184 | D:2      | Reached skill level 4 in Polearms
  1490 | D:2      | Reached skill level 5 in Polearms
  1490 | D:2      | Reached XP level 3. HP: 19/27 MP: 6/6
  1556 | D:2      | Reached XP level 4. HP: 22/33 MP: 7/7
  2214 | D:2      | Reached skill level 6 in Polearms
  2755 | D:3      | Reached XP level 5. HP: 28/38 MP: 8/8
  3698 | D:4      | Found a large runed door.
  3699 | D:4      | Found a large runed door.
  3728 | D:4      | Found a large runed door.
  3728 | D:4      | Found a large runed door.
  3808 | D:4      | Found a glowing drain.
  4301 | D:4      | Reached skill level 7 in Polearms
  4364 | D:3      | HP: 1/38 [hound (4)]
  4369 | D:3      | Slain by a hound

Vault maps used:
D:1:      saegor_arrival_simple_d
D:2:      lemuel_upstairs_altar
D:4:      cheibrodos_sewer_entry_sluice, serial_glass, glass_columns_b,
          glass_columns_c, glass_columns_b, minmay_hollow_rounded_squares

Skill      XL: |  1  2  3  4  5 |
---------------+----------------+-----
Dodging        | 3 4 |  4.9
Polearms       | 5 6 7 |  7.1
Fighting       | |  2.1
Armour         | |  0.6
Spellcasting   | |  2.0
Charms         | |  3.2

Action                   |  1- 3 |  4- 6 || total
-------------------------+-------+-------++-------
Melee: Spear             |   106 |   303 ||   409
  Use: Scroll            |     2 |     6 ||     8
       Potion            |     3 |     2 ||     5
 Stab: Sleeping          |     5 |     9 ||    14
       Invisible         |     5 |       ||     5
       Distracted        |       |     1 ||     1
  Eat: Chunk             |     2 |     9 ||    11
Armor: Leather armour    |     4 |       ||     4
       Shadow dragon sca |    60 |   186 ||   246
Dodge: Dodged            |    20 |    25 ||    45
Block: Shield            |    14 |    75 ||    89

Table legend:
 A = Spawn XP
 B = Non-spawn XP
 C = Spawn XP percentage of total XP
 D = Spawn monster count
 E = Non-spawn monster count
 F = Spawn count percentage of total count
 G = Total turns spent on level
                    A         B        C        D         E        F      G
               +---------+---------+-------+---------+---------+-------+---------
         Total |       0 |     296 |   0.0 |       0 |      59 |   0.0 |  4369
               +---------+---------+-------+---------+---------+-------+---------
           D:1 |       0 |      16 |   0.0 |       0 |      10 |   0.0 |  1181
           D:2 |       0 |     130 |   0.0 |       0 |      24 |   0.0 |  1395
           D:3 |       0 |      81 |   0.0 |       0 |      21 |   0.0 |  1351
           D:4 |       0 |      69 |   0.0 |       0 |       4 |   0.0 |   442
               +---------+---------+-------+---------+---------+-------+---------
